 Dungeon Crawl Stone Soup version 0.29-a0-330-g52719c12eb (webtiles) character file.

Game seed: 13157424511531131966

1863 kae the Firebug (level 8, -3/53 (57) HPs)
             Began as a Demigod Fire Elementalist on Apr 22, 2022.
             Slain by a wight
             ... wielding a +0 morningstar
              (7 damage)
             ... on level 7 of the Dungeon.
             The game lasted 00:06:31 (8465 turns).

kae the Firebug (Demigod Fire Elementalist)         Turns: 8465, Time: 00:06:31

HP:   -3/53 (57)    AC:  3    Str:  9    XL:     8   Next: 59%
MP:   15/20         EV: 12    Int: 25    God:
Gold: 116           SH:  0    Dex: 14    Spells: 5/18 levels left

rFire   . . .      SeeInvis +   (no weapon)
rCold   . . .      Faith    .   (no shield)
rNeg    . . .      Spirit   .   a - +1 robe
rPois   .          Reflect  .   (no helmet)
rElec   .          Harm     .   (no cloak)
rCorr   .          Rampage  .   (no gloves)
Will    .....                   (no boots)
Stlth   ++........              h - amulet of magic regeneration
HPRegen 0.17/turn               p - ring of see invisible
MPRegen 0.57/turn               (no ring)

@: drained
A: high MP 1, forlorn, divine attributes
a: no special abilities


You were on level 7 of the Dungeon.
You visited 1 branch of the dungeon, and saw 7 of its levels.
You also visited: Sewer.

You collected 155 gold pieces.
You spent 39 gold pieces at shops.

Inventory:

Armour
 a - a +1 robe (worn)
Jewellery
 h - an amulet of magic regeneration (around neck)
 m - a ring of ice
 p - a ring of see invisible (left hand)
Wands
 r - a wand of flame (11)
Scrolls
 d - a scroll of teleportation
 j - a scroll of fog
 k - 2 scrolls of enchant armour
 q - 2 scrolls of blinking
 u - a scroll of fear
Potions
 b - 3 potions of magic
 c - a potion of mutation
 e - 5 potions of curing
 f - 2 potions of attraction
 g - a potion of resistance
 i - a potion of berserk rage
 l - a potion of flight {unknown}
 n - 2 potions of degeneration {unknown}


   Skills:
 - Level 1.7 Dodging
 - Level 1.7 Stealth
 + Level 5.8 Spellcasting
 + Level 6.0 Conjurations
 + Level 6.7 Fire Magic


You had 5 spell levels left.
You knew the following spells:

 Your Spells              Type           Power      Damage    Failure   Level
a - Foxfire               Conj/Fire      100%       2x1d9     1%          1
b - Scorch                Fire           82%        2d9       1%          2
c - Conjure Flame         Conj/Fire      39%        6-21      1%          3
d - Inner Flame           Hex/Fire       24%        N/A       6%          3
e - Flame Wave            Conj/Fire      39%        2d9       5%          4

Your spell library contained the following spells:

 Spells                   Type           Power      Damage    Failure   Level
 Magic Dart               Conj           100%       1d8       1%          1
 Searing Ray              Conj           74%        2d7       1%          2
 Fulminant Prism          Conj/Hex       11%        3d9       22%         4


Dungeon Overview and Level Annotations

Branches:
Dungeon (7/15)              Sewer (visited)
 Temple: D:4-7

Shops:
D:3 !   D:5 *

Annotations:
D:4 Edmund, Eustachio, Pikel


Innate Abilities, Weirdness & Mutations

You have an increased reservoir of magic. (+10% MP)
You shall have no god before yourself.
Your divine heritage dramatically boosts your attributes as you level up.


Message History

Casting: Scorch (safe; 1% risk of failure)
Confirm with . or Enter, or press ? or * to list all spells.
You can't see any susceptible monsters within range! (Use Z to cast anyway.) Magic restored.
You see here 20 stones.
HP restored.
You see here a +0 robe.
There is a stone staircase leading down here.
You climb downwards.
You hear the hiss of flowing sand.
There is an entrance to an ossuary on this level.
Hurry and find it before the portal is buried!
You hear the slow hiss of a very distant avalanche of sand.
There is a stone staircase leading up here.
Okay, then.
Okay, then.
There is a stone staircase leading up here.
You hear the slow hiss of a very distant avalanche of sand.
Casting: Scorch (safe; 1% risk of failure)
Confirm with . or Enter, or press ? or * to list all spells.
You conjure some foxfire!
The foxfire hits the wight.
The wight resists.
The wight is lightly damaged.
You start waiting.
You hear the slow hiss of a very distant avalanche of sand.
An orc and a wight come into view.
A wight comes into view. It is wielding a +0 flail.
The wight attacks as you move away!
The wight hits you with a +0 morningstar!
You feel drained.
Casting: Foxfire (safe; 1% risk of failure)
Confirm with . or Enter, or press ? or * to list all spells.
The fire begins to smoulder!
The wight hits you with a +0 morningstar!
You feel drained.
Casting: Conjure Flame (safe; 1% risk of failure)
Confirm with . or Enter, or press ? or * to list all spells.
The fire ignites!
You are engulfed in blazing flames.
* * * LOW HITPOINT WARNING * * *
The wight hits you with a +0 morningstar!
You die...

#<######### #.# #.#
#.# #.# #### #.#
#.. #.# #.#
#.############.##
#...........@z..#
##############z.###
.. . #..#.##o..#
#..z..z.o..
#......###.
##......#
........###.#
#####........#
##.<.$.#


You could see 3 wights.

Vanquished Creatures
  An unseen horror (D:6)
  A troll (D:6)
  Prince Ribbit (D:6)
  Duvessa (D:4)
  A black bear (D:5)
  An ogre (D:4)
  A centaur (D:5)
  A lemure (D:3)
  2 necrophages
  A scorpion (D:5)
  Dowan (D:4)
  A howler monkey (D:5)
  A jelly (D:6)
  An orc priest (D:4)
  A hound (D:5)
  2 iguanas
  6 orc wizards
  Robin (D:4)
  10 adders
  A river rat (Sewer)
  A shadow imp (D:5)
  A white imp (D:6)
  4 worms
  A dart slug (D:2)
  17 orcs
  13 ball pythons
  7 endoplasms
  6 giant cockroaches
  14 goblins
  8 hobgoblins
  3 quokkas
  9 bats
  2 frilled lizards
  10 kobolds
  23 rats
155 creatures vanquished.

Vanquished Creatures (others)
  437 foxfires
437 creatures vanquished.

Grand Total: 592 creatures vanquished

Notes
Turn   | Place    | Note
-------+----------+-------------------------------------------
     0 | D:1      | kae the Demigod Fire Elementalist began the quest for the
                  | Orb.
     0 | D:1      | Reached XP level 1. HP: 14/14 MP: 5/5
    77 | D:1      | Reached skill level 1 in Conjurations
   517 | D:1      | Reached XP level 2. HP: 20/20 MP: 5/7
   664 | D:1      | Learned a level 2 spell: Scorch
  1289 | D:2      | Reached XP level 3. HP: 25/26 MP: 2/9
  2381 | D:3      | Reached XP level 4. HP: 28/33 MP: 7/10
  3142 | D:3      | Found Lipt's Distillery.
  3148 | D:3      | Bought a potion of curing for 39 gold pieces
  3734 | D:4      | Reached XP level 5. HP: 38/38 MP: 12/12
  3734 | D:4      | Noticed Eustachio
  3737 | D:4      | Found a glowing drain.
  3759 | Sewer    | Entered a sewer
  4292 | D:4      | Noticed an ogre
  4300 | D:4      | Killed an ogre
  4301 | D:4      | Reached XP level 6. HP: 28/45 MP: 12/14
  4439 | D:4      | Noticed Edmund
  4521 | D:4      | Learned a level 3 spell: Conjure Flame
  4525 | D:4      | Learned a level 3 spell: Inner Flame
  4557 | D:4      | Noticed Pikel
  4793 | D:4      | Noticed Duvessa
  5176 | D:4      | Noticed Robin
  5276 | D:4      | Noticed Dowan
  5278 | D:4      | Killed Duvessa
  5282 | D:4      | Killed Dowan
  5382 | D:4      | Killed Robin
  5698 | D:5      | Entered Level 5 of the Dungeon
  5811 | D:5      | Reached skill level 5 in Fire Magic
  5811 | D:5      | Reached XP level 7. HP: 20/50 MP: 12/16
  6072 | D:5      | Found Xotiuwkan's General Store.
  6237 | D:5      | Learned a level 4 spell: Flame Wave
  6708 | D:6      | Noticed a troll
  7047 | D:6      | Killed a troll
  7048 | D:6      | Reached skill level 5 in Spellcasting
  7048 | D:6      | Reached skill level 5 in Conjurations
  7048 | D:6      | Reached XP level 8. HP: 26/57 MP: 8/19
  7514 | D:6      | Noticed Prince Ribbit
  7529 | D:6      | Killed Prince Ribbit
  7623 | D:6      | Noticed a profane servitor
  8216 | D:6      | Noticed an angel
  8237 | D:7      | Noticed an unseen horror
  8247 | D:6      | Killed an unseen horror
  8465 | D:7      | Slain by a wight

Illustrated notes

Levels and vault maps discovered:
D:1:      minmay_arrival_loop, layout_loops_corners,
          shapermc_ecumenical_altar_rom_forum
D:2:      layout_basic, kennysheep_big_empty_room
D:3:      layout_loops_cross, serial_shops, shop, minmay_rat_hole
D:4:      layout_cave_pools, mainiacjoe_overflow_boulevard,
          cheibrodos_sewer_entry_drain, uniq_pikel, uniq_eustachio,
          uniq_duvessa, uniq_robin, uniq_edmund
D:5:      layout_basic, serial_shops, shop
D:6:      layout_layer_cave, grunt_temple_overflow_holy_war, minitemple,
          hangedman_decor_peaks_small, uniq_prince_ribbit1
D:7:      layout_loops_ring, minmay_temple_entry_butterflies,
          nicolae_ossuary_entry_giza

Skill      XL: |  1  2  3  4  5  6  7  8 |
---------------+-------------------------+-----
Conjurations   | 1 2 3 4 5 6 |  6.0
Fire Magic     | 3 4 5 6 |  6.7
Spellcasting   | 2 3 4 5 |  5.8
Dodging        | |  1.7
Stealth        | |  1.7

Action                   |  1- 3 |  4- 6 |  7- 9 || total
-------------------------+-------+-------+-------++-------
Melee: Unarmed           |     6 |     7 |     1 ||    14
 Cast: Foxfire           |    78 |   139 |    48 ||   265
       Scorch            |    10 |    28 |    30 ||    68
       Flame Wave        |       |       |     3 ||     3
       Conjure Flame     |       |       |     3 ||     3
       Inner Flame       |       |       |     1 ||     1
  Use: Scroll            |     6 |     3 |     6 ||    15
       Potion            |       |     2 |       ||     2
Armor: Robe              |     8 |     8 |     3 ||    19
Dodge: Dodged            |    22 |    33 |    32 ||    87

Table legend: (Time is in decaauts)
 A = Elapsed time spent in this place.
 B = Non-inter-level travel time spent in this place.
 C = Inter-level travel time spent in this place.
 D = Time resting spent in this place.
 E = Time spent auto-exploring this place.
 F = Levels seen in this place.
 G = Mean time per level.
                   A        B        C        D        E       F      G
               +--------+--------+--------+--------+--------+-----+--------+
         Total |   8519 |   8217 |    302 |   1811 |   5073 |   8 | 1064.9 |
       Dungeon |   7984 |   7682 |    302 |   1707 |   4823 |   7 | 1140.6 |
         Sewer |    534 |    534 |      0 |    104 |    250 |   1 |  534.0 |
               +--------+--------+--------+--------+--------+-----+--------+

Top non-repeatable levels by time:
     D:3: 1859 daAuts
     D:6: 1616 daAuts
     D:1: 1275 daAuts
     D:2: 1175 daAuts
     D:5: 1033 daAuts
     D:4: 906 daAuts
   Sewer: 534 daAuts
     D:7: 117 daAuts
